 Dungeon Crawl Stone Soup version 0.28-a0-819-g6ef7baa362 (console) character file.

Game seed: 10599525201517023467

97 petzl the Vexing (level 4, 0/29 HPs)
             Began as an Octopode Arcane Marksman on Nov 9, 2021.
             Succumbed to an adder's poison
             ... on level 3 of the Dungeon.
             The game lasted 00:06:08 (2858 turns).

petzl the Vexing (Octopode Arcane Marksman)         Turns: 2858, Time: 00:06:08

Health: 0/29       AC:  1    Str:  6 (9)  XL:     4   Next: 68%
Magic:  6/6        EV: 13    Int: 13 (16) God:
Gold:   61         SH:  0    Dex:  9 (12) Spells: 3/6 levels left

rFire   . . .      SeeInvis .   b - +0 short sword
rCold   . . .      Faith    .   (no shield)
rNeg    . . .      Spirit   .   (helmet restricted)
rPois   .          Reflect  .   (no amulet)
rElec   .          Harm     .   (no ring)
rCorr   .          Rampage  .   (no ring)
Will    .....                   (no ring)
Stlth   +++.......              (no ring)
HPRegen 0.09/turn               (no ring)
MPRegen 0.10/turn               (no ring)
                                (no ring)
                                (no ring)

@: lethally poisoned (0 -> -4), flying
A: almost no armour, amphibious, 8 rings, camouflage 1, gelatinous body 1,
(nimble swimmer 1), tentacles
a: no special abilities


You were on level 3 of the Dungeon.
You visited 1 branch of the dungeon, and saw 3 of its levels.

You collected 61 gold pieces.

Inventory:

Hand Weapons
 a - a +0 hand crossbow
 b - a +0 short sword (weapon)
Missiles
 c - 3 bolts
Jewellery
 g - an amulet of the acrobat
Scrolls
 d - a scroll of summoning
 h - 2 scrolls of identify


   Skills:
 + Level 2.0 Fighting
 + Level 2.6 Crossbows
 + Level 2.5 Dodging
 + Level 2.5 Stealth
 + Level 1.7 Spellcasting
 - Level 3.0 Hexes
 + Level 0.5 Air Magic
 + Level 0.8 Poison Magic


You had 3 spell levels left.
You knew the following spells:

 Your Spells              Type           Power      Damage    Failure   Level
a - Slow                  Hex            32%        N/A       8%          1
b - Poisonous Vapours     Pois/Air       4%         N/A       30%         2

Your spell library contained the following spells:

 Spells                   Type           Power      Damage    Failure   Level
 Pain                     Necr           4%         1d4       26%         1
 Corpse Rot               Necr/Air       2%         N/A       34%         2
 Inner Flame              Hex/Fire       5%         N/A       38%         3
 Portal Projectile        Hex/Tloc       10%        N/A       38%         3
 Ignite Poison            Fire/Tmut/Pois 1%         N/A       56%         3
 Cause Fear               Hex            4%         N/A       58%         4
 Agony                    Necr           1%         N/A       100%        5
 Excruciating Wounds      Necr           0%         N/A       100%        5
 Simulacrum               Ice/Necr       0%         N/A       100%        6
 Infestation              Necr           0%         N/A       100%        8


Dungeon Overview and Level Annotations

Branches:
Dungeon (3/15)

Altars:

Annotations:
D:3 exclusion: phantom


Innate Abilities, Weirdness & Mutations

You cannot wear most types of armour.
You are amphibious.
You can wear up to eight rings at the same time.
Your skin changes colour to match your surroundings (Stealth+).
Your rubbery body absorbs attacks. (AC +1, EV +1)
((You are camouflaged near water. (Stealth+)))
You have tentacles for arms and can constrict up to eight enemies at once.


Message History

You miss the adder. Your grab misses the adder.
The adder is moderately wounded.
The adder bites you.
You are poisoned.
The adder poisons you!
You hit the adder. Your grab misses the adder. You squeeze the adder.
The adder is heavily wounded.
You feel sick. The adder bites you.
You are lethally poisoned!
The adder poisons you!
You completely miss the adder. You grab the adder. You squeeze the adder.
The adder is almost dead.
You constrict the adder.
* * * LOW HITPOINT WARNING * * *
You feel very sick. The adder closely misses you.
It was a potion of degeneration.
There was something very wrong with that liquid.
You feel weakened.
You feel dopey.
You feel clumsy.
You constrict the adder.
You kill the adder!
* * * LOW HITPOINT WARNING * * *
You feel very sick.
It was a potion of flight.
You feel very buoyant.
You fly up into the air.
* * * LOW HITPOINT WARNING * * *
You feel sick.
As you read the scroll labelled MIRU YDAMOKKAP, it crumbles to dust.
It is a scroll of identify.
d - a scroll of summoning
* * * LOW HITPOINT WARNING * * *
You feel sick.
You aren't carrying any potions.
Unknown command.
Unknown command.
You start putting on your amulet.
You continue putting on your amulet of the acrobat.
Keep equipping yourself?
You die...

######## ....<..# #####
######.##########...#
#.................#.###
#.###.#.####.##....@†.#
#.#..###........#####.#
#.#.#.#......##.# #.#####
#.#.##.#####.##.# #†..†.#
#.#.##.# #.##.#
#.###.######## #.#w##.#
#....#####............#
..#.##.#
######.......###.######.#
##...#.#
#.......#.##.....##
.....#..
#.#####.#.........#
##...### #...##..###.#
###### #.#.##..# .# #
#.#.##S.# .# ## #.......
.# .# ........ .. ###
...... >## ...... ..8#
...# ...8#


There were no monsters in sight!

Vanquished Creatures
  3 adders
  3 worms
  3 dart slugs
  6 ball pythons
  8 endoplasms
  3 giant cockroaches
  2 hobgoblins
  3 quokkas
  4 bats
  5 frilled lizards
  6 goblins
  3 kobolds
  6 rats
55 creatures vanquished.

Notes
Turn   | Place    | Note
-------+----------+-------------------------------------------
     0 | D:1      | petzl the Octopode Arcane Marksman began the quest for the
                  | Orb.
     0 | D:1      | Reached XP level 1. HP: 13/13 MP: 2/2
     0 | D:1      | Noticed a merfolk zombie
    11 | D:1      | Noticed a minotaur zombie
    13 | D:1      | Noticed a minotaur zombie
    82 | D:1      | Reached XP level 2. HP: 3/18 MP: 3/3
   487 | D:1      | Reached skill level 1 in Stealth
   860 | D:1      | Reached XP level 3. HP: 23/23 MP: 5/5
   989 | D:1      | Found a faded altar of an unknown god.
  1209 | D:1      | Got the Papyrus of Darkness and Fire
  1436 | D:2      | Learned a level 2 spell: Poisonous Vapours
  1741 | D:2      | Reached XP level 4. HP: 25/29 MP: 6/6
  2480 | D:3      | Noticed a phantom
  2857 | D:3      | HP: 1/29 [poisoned by an adder]
  2858 | D:3      | Succumbed to an adder's poison

Illustrated notes

Levels and vault maps discovered:
D:1:      shiori_arrival_whats_in_store_for_you, layout_loops_ring,
          dilly_ecumenical_altar_fadedgnrine, eino_curves_03
D:2:      layout_rooms, hangedman_decor_points
D:3:      layout_loops_ring, nicolae_overflow_hidden_temple, minmay_checkerbox

Skill      XL: |  1  2  3  4 |
---------------+-------------+-----
Stealth        | 1 2 |  2.5
Fighting       | 2 |  2.0
Crossbows      | |  2.6
Dodging        | |  2.5
Spellcasting   | |  1.7
Hexes          | |  3.0
Air Magic      | |  0.5
Poison Magic   | |  0.8

Action                   |  1- 3 |  4- 6 || total
-------------------------+-------+-------++-------
Melee: Short sword       |    17 |    37 ||    54
       Tentacles         |     4 |     4 ||     8
       Constrict         |     3 |     9 ||    12
 Fire: Hand crossbow     |    77 |    10 ||    87
 Cast: Slow              |       |     4 ||     4
  Use: Potion            |       |     2 ||     2
       Scroll            |       |     1 ||     1
 Stab: Sleeping          |     2 |     3 ||     5
Armor: Skin              |     5 |     3 ||     8
Dodge: Dodged            |    22 |    32 ||    54

Table legend: (Time is in decaauts)
 A = Elapsed time spent in this place.
 B = Non-inter-level travel time spent in this place.
 C = Inter-level travel time spent in this place.
 D = Time resting spent in this place.
 E = Time spent auto-exploring this place.
 F = Levels seen in this place.
 G = Mean time per level.
                   A        B        C        D        E       F      G
               +--------+--------+--------+--------+--------+-----+--------+
         Total |   2895 |   2823 |     72 |   1137 |   1197 |   3 |  965.0 |
       Dungeon |   2895 |   2823 |     72 |   1137 |   1197 |   3 |  965.0 |
               +--------+--------+--------+--------+--------+-----+--------+

Top non-repeatable levels by time:
     D:1: 1301 daAuts
     D:2: 871 daAuts
     D:3: 723 daAuts
